 Dungeon Crawl Stone Soup version 0.27.1-33-g824d729ab1 (webtiles) character file.

Game seed: 16937836371635898854

1628 unlimited1921 the Slasher (level 8, -16/43 HPs)
             Began as a Vine Stalker Fighter on Dec 30, 2021.
             Was an Initiate of Gozag.
             Killed from afar by a manticore (20 damage)
             ... with a volley of spikes
             ... on level 9 of the Dungeon.
             The game lasted 00:33:38 (6987 turns).

unlimited1921 the Slasher (Vine Stalker Fighter)    Turns: 6987, Time: 00:33:41

Health: -16/43     AC:  8    Str: 22    XL:     8   Next: 97%
Magic:  0/18       EV: 12    Int:  8    God:    Gozag
Gold:   846        SH: 10    Dex: 13    Spells: 7/7 levels left

rFire    . . .     SeeInvis .   z - +4 falchion (freeze)
rCold    . . .     Faith    .   c - +0 kite shield
rNeg     . . .     Spirit   +   b - +0 scale mail
rPois    .         Reflect  .   D - +1 hat
rElec    .         Harm     .   (no cloak)
rCorr    .         Rampage  .   (no gloves)
Will     +....                  (no boots)
Stlth    ..........             (no amulet)
HPRegen  1.14/turn              e - ring of magical power
MPRegen  0.16/turn              r - +4 ring of evasion

@: spiked
A: fangs 3, regeneration 1, magic shield, antimagic bite, no potion heal 2
a: Renounce Religion, Potion Petition, Call Merchant, Bribe Branch


You were on level 9 of the Dungeon.
You worshipped Gozag.
Gozag was pleased with you.
You visited 1 branch of the dungeon, and saw 7 of its levels.

You collected 869 gold pieces.
You paid 23 gold pieces to Gozag.

Inventory:

Hand Weapons
 a - a +0 long sword
 o - a +0 flail
 s - a +0 dagger of venom
 w - a +0 war axe
 z - a +4 falchion of freezing (weapon)
 A - a +3 hand axe
 B - a +3 morningstar of freezing
 C - a +0 fustibalus
Missiles
 q - 21 poisoned darts
 v - 2 javelins (quivered)
 G - 10 bolts
Armour
 b - a +0 scale mail (worn)
 c - a +0 kite shield (worn)
 D - a +1 hat (worn)
Jewellery
 e - a ring of magical power (left hand)
 r - a +4 ring of evasion (right hand)
 t - a ring of see invisible
Wands
 E - a wand of iceblast (11)
Scrolls
 j - a scroll of torment
 l - 2 scrolls of magic mapping
 n - a scroll of blinking
 p - 3 scrolls of teleportation
 y - a scroll of identify
Potions
 d - 2 potions of might
 f - a potion of ambrosia
 g - a potion of cancellation
 h - a potion of heal wounds {unknown}
 i - a potion of attraction
 k - a potion of lignification {unknown}
 m - a potion of mutation {unknown}
 x - a potion of haste {unknown}
 F - a potion of curing {unknown}
 H - a potion of flight {unknown}


   Skills:
 * Level 5.1 Fighting
 + Level 5.5 Long Blades
 * Level 2.2 Throwing
 + Level 4.6 Armour
 + Level 2.0 Dodging
 + Level 1.6 Stealth
 + Level 5.1 Shields


You had 7 spell levels left.
You didn't know any spells.
Your spell library contained the following spells:

 Spells                   Type           Power      Damage    Failure   Level
 Foxfire                  Conj/Fire      0%         2x1d4     98%         1
 Conjure Flame            Conj/Fire      0%         6-21      100%        3
 Inner Flame              Hex/Fire       0%         N/A       100%        3


Dungeon Overview and Level Annotations

Branches:
Dungeon (6/15)             Temple (0/1) D:6

Altars:
Gozag
Kikubaaqudgha
Qazlal
Sif Muna

Annotations:
D:5 3 runed translucent doors, dnasty's ghost, novice TrBe


Innate Abilities, Weirdness & Mutations

You have razor-sharp teeth.
Your natural rate of healing is unusually fast.
When hurt, damage is shared between your health and your magic reserves.
Your bite disrupts and absorbs the magic of your enemies.
Potions cannot restore your health.


Message History

Throw: throwing net
Press: ? - help, Q - select action, (/) - cycle Shift-Dir - straight line, f/p - manticore
Aim: a manticore (lightly wounded, very poisoned, 71% to hit)
You throw a throwing net. The throwing net hits the manticore.
The manticore is caught in the net!
The manticore is lightly wounded.
The manticore flicks its tail.
The volley of spikes hits you!
The barbed spikes become lodged in your body.
The manticore struggles against the net.
Okay, then.
Throw: 5 javelins
Press: ? - help, Q - select action, (/) - cycle Shift-Dir - straight line, f/p - manticore
Aim: a manticore (lightly wounded, entangled in a net, very poisoned, 93% to hit)
You throw a javelin.
The javelin pierces through the manticore!
The manticore is moderately wounded.
The manticore struggles against the net.
Throw: 4 javelins
Press: ? - help, Q - select action, (/) - cycle Shift-Dir - straight line, f/p - manticore
Aim: a manticore (moderately wounded, entangled in a net, very poisoned, 93% to hit)
You throw a javelin.
The javelin pierces through the manticore.
The manticore is heavily wounded.
The manticore flicks its tail.
The volley of spikes hits you!!
The barbed spikes become lodged in your body.
* * * LOW HITPOINT WARNING * * *
The manticore struggles against the net.
Throw: 3 javelins
Press: ? - help, Q - select action, (/) - cycle Shift-Dir - straight line, f/p - manticore
Aim: a manticore (heavily wounded, entangled in a net, very poisoned, 93% to hit)
You throw a javelin.
The javelin pierces through the manticore but does no damage.
The manticore is heavily wounded.
The manticore flicks its tail.
The volley of spikes hits you!!
The barbed spikes become lodged in your body.
You die...
Your body crumbles into a pile of gold.

.....###
......## .
.......## ..
##.#.....#
...#.....#.#
..........#
.........#
.......@###
..........##
....###....#
.....#H#..## .
..#......#
........##
.........#
#...(....#..
.......#......


You could see a manticore (caught, very poisoned).

Vanquished Creatures
  A wyvern (D:5)
  3 ogres
  A necrophage (D:5)
  A black bear (D:5)
  A water moccasin zombie (D:4)
  A scorpion (D:5)
  4 wights (D:5)
  2 orc priests (D:6)
  A bullfrog zombie (D:6)
  3 hounds
  A jelly (D:6)
  A centaur skeleton (D:5)
  4 iguanas
  Jessica (D:3)
  3 orc wizards
  A howler monkey zombie (D:6)
  9 gnolls
  11 adders
  A river rat (D:3)
  A white imp (D:6)
  An ufetubus (D:5)
  2 worms (D:2)
  3 dart slugs
  12 orcs
  9 ball pythons
  7 endoplasms
  5 giant cockroaches
  8 goblins
  A hobgoblin (D:2)
  3 jackals (D:4)
  13 kobolds
  2 quokkas
  5 bats
  3 frilled lizards
  8 rats
133 creatures vanquished.

Vanquished Creatures (others)
  A human (D:5)
1 creature vanquished.

Grand Total: 134 creatures vanquished

Notes
Turn   | Place    | Note
-------+----------+-------------------------------------------
     0 | D:1      | unlimited1921 the Vine Stalker Fighter began the quest for
                  | the Orb.
     0 | D:1      | Reached XP level 1. HP: 11/11 MP: 2/2
    53 | D:1      | Reached XP level 2. HP: 12/16 MP: 1/3
   803 | D:1      | Reached XP level 3. HP: 20/20 MP: 4/4
  1331 | D:2      | HP: 1/20 [iguana (6)]
  1380 | D:2      | HP: 1/20 [bat (1)]
  2363 | D:1      | Gained mutation: Your natural rate of healing is unusually
                  | fast. [Vine Stalker growth]
  2363 | D:1      | Reached XP level 4. HP: 13/24 MP: 5/5
  2728 | D:2      | Found an opulent altar of Gozag.
  2736 | D:2      | Became a worshipper of Gozag Ym Sagoz the Greedy
  3006 | D:3      | Reached XP level 5. HP: 20/28 MP: 6/6
  3281 | D:3      | Found a faded altar of an unknown god.
  3404 | D:3      | Reached skill level 1 in Dodging
  3409 | D:3      | Reached skill level 1 in Stealth
  3744 | D:3      | Noticed Jessica
  3751 | D:3      | Killed Jessica
  3752 | D:3      | Reached XP level 6. HP: 33/33 MP: 7/7
  3757 | D:3      | Found a shimmering blue altar of Sif Muna.
  5247 | D:5      | Entered Level 5 of the Dungeon
  5252 | D:5      | Reached XP level 7. HP: 37/37 MP: 8/8
  5415 | D:5      | Found an ancient bone altar of Kikubaaqudgha.
  5416 | D:5      | Noticed a human
  5420 | D:5      | Killed a human
  5421 | D:5      | Found a stormy altar of Qazlal.
  5469 | D:5      | Noticed dnasty's ghost (novice TrBe)
  5487 | D:5      | Found a runed translucent gate.
  5487 | D:5      | Found a runed translucent gate.
  5488 | D:5      | Found a runed translucent gate.
  5812 | D:5      | Reached skill level 1 in Throwing
  5812 | D:5      | Gained mutation: You have razor-sharp teeth. [Vine Stalker
                  | growth]
  5812 | D:5      | Reached XP level 8. HP: 31/42 MP: 9/9
  6451 | D:6      | Noticed a wyvern
  6515 | D:5      | Killed a wyvern
  6516 | D:5      | Reached skill level 5 in Long Blades
  6583 | D:6      | Found a staircase to the Ecumenical Temple.
  6611 | D:6      | Reached skill level 5 in Fighting
  6822 | D:6      | Reached skill level 5 in Shields
  6975 | D:6      | You fall into a shaft and drop 3 floors!
  6975 | D:9      | Noticed a manticore
  6986 | D:9      | HP: 2/43 [manticore/volley of spikes (15)]
  6987 | D:9      | Killed from afar by a manticore

Illustrated notes

Levels and vault maps discovered:
D:1:      minmay_arrival_stone_box, layout_basic, minmay_pentomino_s2
D:2:      layout_basic, basic_altar, minivault_26, minmay_misc_feat_enclosed
D:3:      layout_basic, tgw_sif, chequers_ecumenical_altar_twisty,
          portal_sewer_entry_e, skrybe_limestone_x, st_stairs_1
D:4:      layout_loops_ring, nrook_uturn, minmay_misc_feat_encased
D:5:      layout_gridville, mainiacjoe_overflow_six_doors_small,
          tgw_kikubaaqudgha, gammafunk_ghost_split
D:6:      layout_rooms, minmay_temple_entry_arrows
D:9:      layout_cross, grunt_temple_overflow_order_and_chaos_1, serial_shops,
          shop, minmay_mirror_moons_of_madness

Skill      XL: |  1  2  3  4  5  6  7  8 |
---------------+-------------------------+-----
Fighting       | 3 4 5 |  5.1
Shields        | 3 4 5 |  5.1
Long Blades    | 2 3 4 5 |  5.5
Armour         | 3 4 |  4.6
Dodging        | 1 2 |  2.0
Stealth        | 1 |  1.6
Throwing       | 1 2 |  2.2

Action                   |  1- 3 |  4- 6 |  7- 9 || total
-------------------------+-------+-------+-------++-------
Melee: Long sword        |    89 |   194 |    94 ||   377
       Bite              |    32 |    61 |    51 ||   144
       Falchion          |       |       |    37 ||    37
Throw: Dart              |       |       |    38 ||    38
       Javelin           |       |       |     3 ||     3
       Throwing net      |       |       |     1 ||     1
  Use: Scroll            |     2 |     4 |     1 ||     7
       Potion            |       |       |     1 ||     1
Armor: Scale mail        |    58 |    63 |    40 ||   161
Dodge: Dodged            |    51 |    85 |    88 ||   224
Block: Kite shield       |    76 |   121 |    99 ||   296
       Rpst.: Long sword |    18 |    24 |    16 ||    58
       Falchion          |       |       |    13 ||    13
